Map: Ruins of Endion

Players

Miszu

  • Race: Terran Terran
  • League: Master

IlIlIIlIIlIl - Winner!

  • Race: Terran Terran
  • League: Master

VOD

Have the link to the VOD?

Description

Time

  • Played on: April 13, 2016, 1:58 p.m.
  • Length: 7:34
Show
View Real Time Build Order
Export as new Build Order

Miszu Terran 

Build Orders: 1/1/1 

Get SALT Encoding   

  12  0:01  SCV  
  13  0:13  SCV  
  14  0:17  Supply Depot  
  14  0:25  SCV  
  14  0:27  Refinery  
  15  0:39  SCV  
  16  0:46  Barracks  
  16  0:51  SCV  
  17  1:03  SCV  
  18  1:15  SCV  
  19  1:28  SCV  
  20  1:33  Factory, Marine  
  20  1:38  Supply Depot  
  21  1:40  Orbital Command  
  21  1:51  Marine  
  22  2:05  SCV  
  23  2:10  Marine  
  23  2:18  Hellion  
  23  2:19  Starport  
  23  2:20  SCV  
  23  2:21  Supply Depot  
  26  2:24  Refinery  
  26  2:28  Marine  
  27  2:33  SCV  
  28  2:40  Hellion  
  30  2:45  SCV  
  30  2:46  Engineering Bay  
  30  2:49  Marine  
  32  2:57  Medivac, SCV  
  35  3:02  Supply Depot  
  35  3:09  Marine, Hellion  
  37  3:17  SCV  
  38  3:24  Missile Turret  
  38  3:28  Barracks Reactor  
  38  3:31  Viking  
  40  3:36  SCV  
  40  3:39  Factory Tech Lab  
  41  3:53  SCV  
  42  4:05  SCV  
  42  4:06  Command Center  
  42  4:08  Marine  
  42  4:09  Marine  
  45  4:25  Barracks  
  45  4:26  Barracks  
  45  4:29  SCV  
  46  4:40  Starport Reactor  
  46  4:44  Supply Depot  
  46  4:45  SCV  
  45  4:57  SCV  
  42  5:09  SCV  
  41  5:14  Siege Tank  
  41  5:17  Terran Infantry Weapons Level 1  
  41  5:20  Orbital Command  
  45  5:21  SCV  
  45  5:29  Marine x2  
  45  5:33  SCV  
  48  5:35  Medivac  
  48  5:40  Barracks Tech Lab  
  48  5:42  Barracks Tech Lab  
  50  5:45  SCV  
  50  5:47  Orbital Command  
  50  5:49  Siege Tank  
  54  5:55  Marine  
  55  5:57  SCV  
  55  6:00  Combat Shields  
  55  6:02  Medivac  
  58  6:09  SCV  
  50  6:18  Marine  
  50  6:21  SCV  
  50  6:23  Marine x2  
  50  6:24  Marine, Siege Tank  
  46  6:34  SCV  
  46  6:36  Marine  
  48  6:41  Marine x2  
  48  6:42  Marine  
  48  6:46  SCV  
  52  6:54  Marine  
  52  6:55  Supply Depot  
  52  6:58  Marine, SCV  
  52  6:59  Marine  
  52  7:00  Marine  
  57  7:10  SCV  
  57  7:12  Marine  
  49  7:22  SCV  
Show
View Real Time Build Order
Export as new Build Order

IlIlIIlIIlIl Terran - Winner!

Build Orders: 1/1/1 

Get SALT Encoding   

  12  0:01  SCV  
  13  0:13  SCV  
  14  0:18  Supply Depot  
  14  0:25  Refinery  
  14  0:29  SCV  
  15  0:41  SCV  
  16  0:47  Barracks  
  16  0:53  SCV  
  17  0:58  Refinery  
  17  1:05  SCV  
  18  1:17  SCV  
  20  1:32  SCV  
  20  1:34  Reaper  
  20  1:35  Factory  
  21  1:45  Orbital Command  
  21  1:50  Supply Depot  
  21  2:06  Reaper  
  22  2:12  SCV  
  23  2:20  Hellion  
  23  2:21  Starport  
  25  2:24  SCV  
  26  2:36  Supply Depot, SCV  
  27  2:38  Reaper  
  27  2:41  Hellion  
  30  2:48  Supply Depot, SCV  
  31  3:00  SCV  
  34  3:09  Viking  
  34  3:12  SCV  
  35  3:20  Barracks Reactor  
  35  3:26  Command Center  
  33  3:29  Factory Tech Lab  
  33  3:37  SCV  
  33  3:39  Viking  
  36  3:49  SCV  
  37  4:00  Marine x2  
  37  4:01  Siege Tank  
  42  4:04  SCV  
  43  4:16  Starport Reactor  
  43  4:19  Marine x2  
  45  4:25  Barracks x2  
  45  4:31  SCV  
  46  4:38  Siege Tank, Orbital Command  
  49  4:40  Supply Depot  
  49  4:43  SCV  
  50  4:50  Marine x2  
  52  4:55  SCV  
  53  5:05  Orbital Command  
  53  5:08  Marine x2  
  53  5:10  Medivac x2, Siege Tank  
  53  5:13  Barracks Tech Lab  
  53  5:14  Barracks Tech Lab  
  60  5:23  SCV  
  60  5:25  Marine  
  60  5:28  Refinery  
  62  5:30  Refinery  
  62  5:36  Marine x2  
  62  5:40  SCV x2  
  66  5:52  Marine x2  
  66  5:54  Combat Shields  
  68  5:57  SCV x2  
  68  6:02  Supply Depot  
  70  6:04  Supply Depot  
  70  6:13  SCV  
  70  6:17  Marine x4  
  62  6:28  Viking  
  64  6:34  Marine  
  64  6:35  Marine x3  
  64  6:38  Viking  
  64  6:39  SCV x2  
  72  6:52  Marine  
  72  6:53  Marine x3  
  76  6:58  Siege Tank  
  77  7:09  Supply Depot  
  77  7:10  Marine  
  77  7:11  Supply Depot, Marine, Barracks x2  
  77  7:14  Marine x2  
Tags
 
Add a new tag
Caveats
  • Supply blocks, unpowered buildings, or Contaminate may cause inaccurate times.
  • Supply counts are checked every 10 seconds.